 Dungeon Crawl Stone Soup version 0.29.0-13-gc9e81de378 (webtiles) character file.

Game seed: 17593628526060773303

1609753 Godmorgon the Slayer (level 25, 94/225 HPs)
             Began as a Minotaur Fighter on Sept 8, 2022.
             Was a High Priest of Okawaru.
             Escaped with the Orb
             ... and 3 runes on Sept 9, 2022!
             The game lasted 04:51:19 (70520 turns).

Godmorgon the Slayer (Minotaur Fighter)            Turns: 70520, Time: 04:51:20

Health: 94/225     AC: 42    Str: 37    XL:     25   Next: 8%
Magic:  31/37      EV: 17    Int:  7    God:    Okawaru [*****.]
Gold:   3165       SH: 20    Dex: 20    Spells: 42/42 levels left

rFire   + + +      SeeInvis +   a - +9 demon whip (freeze)
rCold   + + +      Faith    .   p - +5 kite shield {rN+}
rNeg    + . .      Spirit   +   x - +10 gold dragon scales
rPois   +          Reflect  .   R - +0 mask of the Dragon {Will+ Slay+3 SInv}
rElec   +          Harm     .   Q - scarf {rC+ rF+}
rCorr   .          Rampage  ∞   K - +0 pair of gloves of the Blessed Realm {Str+3 Dex+2}
Will    ++...                   H - +3 pair of seven-league boots {Rampage+∞}
Stlth   ..........              T - amulet of guardian spirit
HPRegen 0.47/turn               w - +4 ring of slaying
MPRegen 0.25/turn               s - ring of Harmony {rElec rC+ Str+5 Dex+6}

@: studying 4 skills
A: horns 2, retaliatory headbutt, iridescent scales 1, fire resistance 1, frail
1
0: Orb of Zot
}: 3/15 runes: serpentine, barnacled, silver
a: Renounce Religion, Heroism, Finesse, Duel


You escaped.
You worshipped Okawaru.
Okawaru was extremely pleased with you.
You visited 9 branches of the dungeon, and saw 45 of its levels.
You visited 1 bazaar.
You also visited: Trove, Ossuary, Bailey, Gauntlet and Ice Cave.

You collected 6395 gold pieces.
You spent 3230 gold pieces at shops.

Inventory:

Hand Weapons
 a - a +9 demon whip of freezing (weapon)
 b - a +6 sacred scourge of holy wrath
Missiles
 A - 13 silver boomerangs
 C - 9 curare-tipped darts
 L - 19 silver javelins
 N - 40 boomerangs
 V - 16 javelins (quivered)
 Z - 4 throwing nets
Armour
 p - a +5 kite shield of positive energy (worn)
 r - the +1 hat of Agoraphobia {rF++ Regen+ Str+3 Dex+3}
   (Okawaru gifted it to you on level 3 of the Realm of Zot)

   Str:       It affects your strength (+3).
   Dex:       It affects your dexterity (+3).
   rF:        It greatly protects you from fire.
   Regen:     It increases your rate of health regeneration.
 x - +10 gold dragon scales (worn)
 H - the +3 pair of seven-league boots (worn) {Rampage+∞}
   (Okawaru gifted it to you on level 13 of the Dungeon)

   Its wearer moves as far as possible in that direction when moving towards
   enemies.
 K - the +0 pair of gloves of the Blessed Realm (worn) {Str+3 Dex+2}
   (Okawaru gifted it to you on level 5 of the Vaults)

   Str:       It affects your strength (+3).
   Dex:       It affects your dexterity (+2).
 Q - a scarf of resistance (worn)
 R - the +0 mask of the Dragon (worn) {Will+ Slay+3 SInv}
   (Okawaru gifted it to you on level 1 of the Shoals)

   Slay:      It affects your accuracy & damage with ranged weapons and melee
   (+3).
   SInv:      It lets you see invisible.
   Will:      It increases your willpower.
Jewellery
 q - the ring of Finality {Will+ rCorr Str+3}
   (You took it off a deep elf high priest on level 5 of the Vaults)

   [ring of willpower]

   Str:       It affects your strength (+3).
   rCorr:     It protects you from acid and corrosion.
   Will:      It increases your willpower.
 s - the ring of Harmony (right hand) {rElec rC+ Str+5 Dex+6}
   (You found it on level 2 of the Depths)

   [ring of dexterity]

   Str:       It affects your strength (+5).
   Dex:       It affects your dexterity (+6).
   rC:        It protects you from cold.
   rElec:     It insulates you from electricity.
 w - a +4 ring of slaying (left hand)
 T - an amulet of guardian spirit (around neck)
Wands
 B - a wand of digging (7)
 E - a wand of iceblast (27)
 S - a wand of paralysis (40)
 Y - a wand of quicksilver (5)
Scrolls
 e - 11 scrolls of fear
 h - 6 scrolls of magic mapping
 k - 2 scrolls of blinking
 l - 11 scrolls of poison
 o - 17 scrolls of teleportation
 t - a scroll of silence
Potions
 c - 6 potions of resistance
 d - 17 potions of curing
 f - 7 potions of cancellation
 i - 16 potions of lignification
 m - 4 potions of heal wounds
 n - 12 potions of berserk rage
 v - 9 potions of ambrosia
 z - 9 potions of flight
 D - 8 potions of might
 I - 4 potions of mutation
 O - 5 potions of haste
 P - 5 potions of magic
Miscellaneous
 g - a phial of floods
 J - a lightning rod (4/4)
 M - a condenser vane


   Skills:
 + Level 25.7 Fighting
 - Level 14.0 Maces & Flails
 - Level 16.0 Throwing
 * Level 20.8 Armour
 + Level 16.7 Dodging
 + Level 17.6 Shields
 + Level 9.0 Spellcasting
 + Level 23.1 Invocations
 - Level 10.0 Evocations


You had 42 spell levels left.
You didn't know any spells.
Your spell library was empty.

Dungeon Overview and Level Annotations

Branches:
Dungeon (15/15)            Temple (1/1) D:6            Lair (5/5) D:11
 Shoals (4/4) Lair:3        Snake (4/4) Lair:3        Slime (0/5) Lair:4
    Orc (2/2) D:12            Elf (0/3) Orc:2        Vaults (5/5) D:13
  Crypt (0/3) Vaults:2     Depths (4/4) D:15            Zot (5/5) Depths:4
Ossuary (visited)          Bailey (visited)           IceCv (visited)
Gauntlet (visited)

Altars:
Ashenzari
Cheibriados
Dithmenos
Elyvilon
Fedhas
Gozag
Hepliaklqana
Kikubaaqudgha
Makhleb
Nemelex Xobeh
Okawaru
Qazlal
Ru
Sif Muna
Trog
Uskayaw
Vehumet
Wu Jian
Xom
Yredelemnul
Zin
The Shining One
Jiyva
Lugonu

Shops:
D:11 :   D:12 ([   D:14 [   D:15 *   Orc:2 *[((=   Shoals:2 [   Snake:1 *
Snake:3 =:=   Vaults:3 [(   Vaults:5 [   Depths:1 *   Depths:3 (

Portals:
Hell: Depths:1 Depths:2 Depths:3 Depths:4
Abyss: Depths:2 Depths:3
Pandemonium: Depths:1 Depths:2
Ziggurat: Depths:3


Innate Abilities, Weirdness & Mutations

You have a pair of horns on your head.
You reflexively headbutt those who attack you in melee.
You are partially covered in iridescent scales. (AC +2)
Your flesh is heat resistant. (rF+)
You are frail. (-10% HP)


Message History

Magic restored.
You see here a +0 scale mail.
A Brimstone Fiend comes into view.
The Brimstone Fiend roars!
Press: ? - help, v - describe, . - travel The floor.
This square is covered in magical glow.
Unknown command.
Unknown command.
Unknown command.
You feel yourself speed up.
The Brimstone Fiend calls on the powers of darkness!
Your body is wracked with pain!
There is a stone staircase leading up, spattered with blood here.
You climb upwards.
There is a stone staircase leading down here.
A tormentor comes into view.
You stride towards the tormentor!
You punish the tormentor, causing immense pain!!!
You freeze the tormentor!
You kill the tormentor!
Okawaru accepts your kill.
There is a stone staircase leading up here.
Your extra speed is starting to run out.
You climb upwards.
There is a stone staircase leading down here.
You feel yourself slow down.
A cacodemon, a sixfirhy and an orange demon come into view.
A sixfirhy comes into view.
Blink to where?
Press: ? - help, Dir - move target
As you read the scroll of blinking, it crumbles to dust.
You block the sixfirhy's attack. The sixfirhy misses you.
You furiously retaliate!
You headbutt the sixfirhy.
The orange demon stings you but does no damage.
You block the orange demon's attack. The cacodemon completely misses you.
You furiously retaliate!
You headbutt the cacodemon. The cacodemon hits you.
You block the cacodemon's attack. x2; The orange demon stings you.
The orange demon hits you but does no damage.
You have escaped!

#..# #....##.........#..........
#..# #...............#.####.##.#
#..# ##.####.........#.# #.##..
...#####.##########.....# #.####
.......................># #.##.#
##.......##########...#.# #....#
#######################.#######.#
.............§.42.3.....##...##.#
#....##..##..#.3@.#####.##...##.#
.....###.'...##...##.....+.......
.....# ###..###......##.##)..##.#
.....# #.#)..###.....##.##)..##.#
#.#### #.#....##...#.##.##...##.#
..# #.##...###..#............#
..# #..#....##...###.#########
..### #.###...###..##..# #
#...####.>##...>##..##.## #######


You could see a cacodemon, an orange demon and 2 sixfirhies.

Vanquished Creatures
  2 ancient liches (Vaults:5)
  Mennas (Vaults:4)
  2 orbs of fire (Zot:4)
  Bai Suzhen (Vaults:3)
  Boris (Depths:4)
  Xtahua (Vaults:5)
  Nikola (Shoals:1)
  2 curse toes
  13 golden dragons
  the Enchantress (Depths:2)
  Rupert (Lair:4)
  Jorgrun (Shoals:1)
  12 tentacled monstrosities
  2 walking frostbound tomes (Depths:3)
  4 liches
  3 titans
  6 quicksilver dragons
  16 storm dragons
  A kraken (Shoals:2)
  5 sphinxes
  13 shadow dragons
  3 death cobs (Zot:3)
  4 tengu reavers
  Polyphemus (Shoals:4)
  The ghost of Strat the Severer, an adept MeBe of Trog (Shoals:4)
  The ghost of Meoqees the Peltast, an adept MiFi of Okawaru (Shoals:3)
  Kirke (Shoals:2)
  The ghost of SprigganGuy the Sorcerer, an adept DEAE of Vehumet (Snake:1)
  7 draconian monks
  4 draconian knights
  3 nagarajas
  Donald (Shoals:1)
  10 fire giants
  Roxanne (Shoals:2)
  2 orc warlords (Vaults:1)
  16 vault wardens
  9 frost giants
  3 draconian scorchers
  Louise (Snake:3)
  3 spectral caustic shrikes (Depths:2)
  A frost giant (shapeshifter) (Vaults:5)
  5 draconian shifters
  3 ghost moths
  2 draconian stormcallers
  Aizul (Vaults:4)
  18 ironbound preservers
  A reaper (Depths:2)
  3 draconian annihilators (Zot:1)
  2 angels (Vaults:2)
  The ghost of SensoryNuts the Fencer, a journeyman DsFi (Lair:5)
  5 spriggan defenders
  17 stone giants
  3 war gargoyles
  4 ironbound thunderhulks
  26 very ugly things
  6 vampire knights
  29 slime creatures
  The ghost of Palms the Fighter, a journeyman OgFE of Cheibriados (Orc:2)
  8 green draconians
  14 black draconians
  A deep elf demonologist (Vaults:2)
  7 purple draconians
  7 white draconians
  16 red draconians
  16 dire elephants
  6 spark wasps
  A minotaur (Gauntlet)
  14 yellow draconians
  Azrael (D:12)
  3 deep elf annihilators (Vaults:5)
  13 ettins
  A crystal guardian (Vaults:1)
  6 merfolk javelineers
  10 fire dragons
  9 merfolk impalers
  4 deep elf high priests
  3 rakshasas
  Josephine (Lair:4)
  5 great orbs of eyes
  3 salamander tyrants (Snake:4)
  Erolcha (D:11)
  2 catoblepae
  45 vault guards
  A caustic shrike simulacrum (IceCv)
  7 hydras
  11 yaktaur captains
  7 spriggan air magi
  14 centaur warriors
  9 anacondas
  7 ice dragons
  15 ironbound frosthearts
  5 ogre magi
  5 merfolk aquamancers
  6 boulder beetles
  5 merfolk avatars
  2 peacekeepers
  2 satyrs
  19 two-headed ogres
  7 deep troll shamans
  11 naga warriors
  6 tengu warriors
  13 shock serpents
  11 spriggan berserkers
  Urug (Lair:2)
  9 death yaks
  A dancing weapon (Snake:1)
  3 vampire magi
  7 naga sharpshooters
  5 deep troll earth magi
  Nergalle (D:10)
  13 hell knights
  4 iron trolls
  6 salamander mystics
  Amaemon (Lair:2)
  A storm dragon skeleton (Vaults:5)
  A quicksilver dragon simulacrum (Vaults:5)
  4 glowing orange brains
  An orb spider (shapeshifter) (Depths:2)
  An orange crystal statue (Depths:3)
  57 deep trolls
  20 sea snakes
  2 bog bodies (IceCv)
  2 flayed ghosts
  5 naga ritualists
  9 lindwurms
  20 harpies
  2 phantasmal warriors
  9 wizards
  21 ironbound convokers
  4 deep elf pyromancers
  4 mana vipers
  An obsidian statue (IceCv)
  A stone giant zombie (Vaults:5)
  A harpy (shapeshifter) (D:15)
  A wolf spider zombie (D:15)
  26 ugly things
  15 manticores
  A deep elf zephyrmancer (D:15)
  2 wolf spiders
  4 oklob plants
  12 fauns
  7 necromancers
  6 cyclopes
  10 orc knights
  15 salamanders
  A human zombie (Vaults:5)
  17 moths of wrath
  A worldbinder (Gauntlet)
  10 merfolk sirens
  7 elephants
  4 guardian serpents (Snake:4)
  25 black mambas
  18 naga magi
  6 water nymphs
  An ice statue (Gauntlet)
  A rust devil (Depths:2)
  17 vault sentinels
  Joseph (D:7)
  Maggie (Lair:2)
  3 unseen horror zombies (D:9)
  7 cane toads
  A torpor snail (Lair:5)
  5 gargoyles
  2 orange demons
  7 komodo dragons
  2 tormentors
  An efreet (Zot:4)
  3 anaconda simulacra (IceCv)
  4 rime drakes
  16 yaktaurs
  4 tengu conjurers
  15 freezing wraiths
  4 golden dragon simulacra (IceCv)
  2 hellwings
  2 ice devils (IceCv)
  15 trolls
  A red devil (Depths:2)
  14 polar bears
  8 wind drakes
  A queen bee (Lair:5)
  10 hornets
  32 merfolk
  Grinder (D:6)
  A raiju (Lair:5)
  A tyrant leech (shapeshifter) (Vaults:5)
  8 dream sheep
  Prince Ribbit (Bailey)
  10 blink frogs
  A jumping spider (shapeshifter) (D:15)
  A shadow (D:10)
  7 snapping turtles
  9 spriggans
  4 vampires
  Sigmund (D:6)
  3 wyverns
  A ynoxinul (Depths:2)
  4 hogs (Shoals:2)
  A hog (shapeshifter) (Vaults:5)
  18 water elementals
  6 wraiths
  27 fire elementals
  43 yaks
  8 humans
  3 steam dragons
  3 basilisks
  2 minotaur simulacra (IceCv)
  A chaos spawn (Zot:1)
  2 dire elephant simulacra (IceCv)
  A redback (Lair:1)
  A neqoxec (Depths:2)
  Grum (D:11)
  8 wargs
  5 vampire mosquitoes
  26 nagas
  4 harpy simulacra (IceCv)
  3 acid dragons
  Edmund (D:4)
  A floating eye (Lair:5)
  17 hell hounds
  A hydra simulacrum (IceCv)
  8 water moccasins
  10 orc warriors
  13 black bears
  2 ice beasts
  A sky beast (D:6)
  2 ettin simulacra (IceCv)
  25 ogres
  2 boggarts (Gauntlet)
  6 alligator simulacra (IceCv)
  83 wolves
  2 centaurs
  A phantom (D:5)
  5 kobold brigands
  2 necrophages
  3 scorpions
  19 bullfrogs
  2 deep troll simulacra (IceCv)
  15 wights
  3 lindwurm simulacra (IceCv)
  9 killer bees
  11 electric eels
  5 howler monkeys
  A lava snake (Lair:1)
  10 orc priests
  5 centaur zombies
  3 hounds
  5 jellies
  A gnoll bouda (D:8)
  An iguana (D:4)
  Crazy Yiuf (D:7)
  14 orc wizards
  4 human skeletons
  12 mummies (Ossuary)
  A howler monkey zombie (D:9)
  8 gnolls
  10 adders
  A white imp (D:7)
  An ufetubus (D:7)
  2 dart slugs (D:1)
  52 orcs
  8 ball pythons
  6 bats
  7 endoplasms
  4 giant cockroaches
  14 goblins
  9 hobgoblins
  4 jackals (D:1)
  7 quokkas
  8 frilled lizards
  2 goblin skeletons (Ossuary)
  31 kobolds
  3 kobold skeletons (Ossuary)
  5 orc skeletons
  An orc zombie (D:8)
  2 rats
  11 rat skeletons (Ossuary)
  A plant (Lair:1)
  A tentacle (Shoals:2)
  A withered plant (Depths:1)
1956 creatures vanquished.

Vanquished Creatures (others)
  A golden dragon (Zot:2)
  A black draconian (Zot:1)
  A naga sharpshooter (Snake:4)
  A shadow wraith (Vaults:5)
  A hornet (Depths:3)
  A blink frog (Lair:4)
  9 fungi
  148 plants
  3 tentacles (Shoals:2)
  9 withered plants
175 creatures vanquished.

Grand Total: 2131 creatures vanquished

Notes
Turn   | Place    | Note
-------+----------+-------------------------------------------
     0 | D:1      | Godmorgon the Minotaur Fighter began the quest for the Orb.
     0 | D:1      | Reached XP level 1. HP: 19/19 MP: 0/0
    64 | D:1      | Found a faded altar of an unknown god.
   288 | D:1      | Reached XP level 2. HP: 26/27 MP: 1/1
   414 | D:1      | Reached skill level 4 in Fighting
   612 | D:1      | Reached XP level 3. HP: 33/33 MP: 2/2
  1666 | D:2      | Reached XP level 4. HP: 40/41 MP: 3/3
  1960 | D:3      | Noticed an ice beast
  1982 | D:3      | Killed an ice beast
  1983 | D:3      | Reached skill level 5 in Fighting
  1983 | D:3      | Reached skill level 5 in Maces & Flails
  1983 | D:3      | Reached XP level 5. HP: 21/48 MP: 4/4
  2440 | D:3      | Found the +7 staff of the Meek {protect, meekguard}
  2482 | D:3      | Found a sacrificial altar of Ru.
  3127 | D:4      | Noticed a black bear
  3138 | D:4      | Killed a black bear
  3139 | D:4      | Reached XP level 6. HP: 47/57 MP: 5/5
  3170 | D:4      | Reached skill level 6 in Fighting
  3593 | D:4      | Noticed Edmund
  3640 | D:4      | Killed Edmund
  3641 | D:4      | Reached XP level 7. HP: 51/64 MP: 6/6
  3901 | D:5      | Entered Level 5 of the Dungeon
  4263 | D:5      | Reached skill level 7 in Fighting
  4624 | D:5      | Reached XP level 8. HP: 73/73 MP: 7/7
  5200 | D:5      | Reached skill level 1 in Throwing
  5613 | D:6      | Found a staircase to the Ecumenical Temple.
  5615 | D:6      | Noticed Sigmund
  5620 | D:6      | Killed Sigmund
  5621 | D:6      | Reached skill level 10 in Maces & Flails
  5629 | Temple   | Entered the Ecumenical Temple
  5651 | Temple   | Became a worshipper of Warmaster Okawaru
  5727 | D:6      | Reached skill level 8 in Fighting
  6288 | D:6      | Reached * piety under Okawaru
  6289 | D:6      | Reached XP level 9. HP: 57/82 MP: 8/8
  6804 | D:6      | Reached skill level 1 in Invocations
  6814 | D:6      | Noticed Grinder
  6819 | D:6      | Killed Grinder
  6820 | D:6      | Reached skill level 1 in Dodging
  6912 | D:7      | Reached skill level 9 in Fighting
  6913 | D:7      | Reached ** piety under Okawaru
  7128 | D:7      | Found a glowing golden altar of the Shining One.
  7128 | D:7      | Found a shadowy altar of Dithmenos.
  7216 | D:7      | Found a white marble altar of Elyvilon.
  7218 | D:7      | Found a faded altar of an unknown god.
  7220 | D:7      | Found a faded altar of an unknown god.
  7391 | D:7      | Reached skill level 5 in Shields
  7438 | D:7      | Reached skill level 5 in Armour
  7448 | D:7      | Reached XP level 10. HP: 76/91 MP: 9/11
  7449 | D:7      | Noticed Joseph
  7460 | D:7      | Killed Joseph
  7710 | D:7      | Found a runed translucent door.
  7711 | D:7      | Noticed Crazy Yiuf
  7717 | D:7      | Killed Crazy Yiuf
  7948 | D:8      | Found a sand-covered staircase.
  7967 | Ossuary  | Entered an ossuary
  8791 | D:8      | Reached *** piety under Okawaru
  8792 | D:8      | Reached skill level 5 in Invocations
  8924 | D:8      | Found a bloodstained altar of Trog.
  9085 | D:8      | Found a shimmering blue altar of Sif Muna.
  9436 | D:9      | Noticed a cyclops
  9441 | D:9      | Killed a cyclops
  9442 | D:9      | Reached skill level 5 in Throwing
  9481 | D:9      | Found a flagged portal.
  9579 | Bailey   | Entered a bailey
  9613 | Bailey   | Reached skill level 10 in Fighting
  9616 | Bailey   | Reached **** piety under Okawaru
  9807 | Bailey   | Noticed Prince Ribbit
  9807 | Bailey   | Noticed a vault guard
  9817 | Bailey   | Killed a vault guard
  9818 | Bailey   | Reached XP level 11. HP: 100/100 MP: 11/14
  9821 | Bailey   | Killed Prince Ribbit
  9821 | Bailey   | Reached ***** piety under Okawaru
  9821 | Bailey   | Received a gift from Okawaru
  9858 | Bailey   | Noticed a vault guard
  9861 | Bailey   | Reached skill level 5 in Dodging
  9871 | Bailey   | Killed a vault guard
 10038 | D:9      | Received a gift from Okawaru
 10043 | D:9      | Identified the +7 war axe of Sin {flame, rElec}
 10480 | D:9      | Noticed a two-headed ogre
 10485 | D:9      | Killed a two-headed ogre
 10769 | D:9      | Paralysed by a hornet for 1 turns
 11541 | D:9      | Received a gift from Okawaru
 11692 | D:10     | Entered Level 10 of the Dungeon
 11692 | D:10     | Noticed Nergalle
 11706 | D:10     | Killed Nergalle
 12062 | D:10     | Found an opulent altar of Gozag.
 12192 | D:10     | Received a gift from Okawaru
 12193 | D:10     | Reached skill level 11 in Fighting
 12902 | D:11     | Found a staircase to the Lair.
 13062 | D:11     | Noticed Erolcha
 13267 | D:11     | Noticed Grum
 13272 | D:11     | Killed Grum
 13297 | D:11     | Found Tuubog's Vocational Training.
 13301 | D:11     | Killed Erolcha
 13302 | D:11     | Reached XP level 12. HP: 110/110 MP: 17/17
 13503 | D:11     | Identified the +0 scale mail of Spite {rN+ Str+3 Stlth+}
 13910 | Lair:1   | Entered Level 1 of the Lair of Beasts
 14072 | Lair:1   | Received a gift from Okawaru
 14653 | Lair:1   | Noticed a catoblepas
 14658 | Lair:1   | Noticed a seven-headed hydra
 14664 | Lair:1   | Killed a catoblepas
 14665 | Lair:1   | Reached skill level 12 in Fighting
 14665 | Lair:1   | Reached skill level 10 in Invocations
 14671 | Lair:1   | Killed a seven-headed hydra
 14862 | Lair:1   | Received a gift from Okawaru
 15300 | Lair:1   | Found a runed translucent door.
 15317 | Lair:1   | Identified the +2 hat of a bazaar {rN+ Stlth+}
 15374 | Lair:1   | Found a runed translucent gate.
 15374 | Lair:1   | Found a runed translucent gate.
 15374 | Lair:1   | Found a runed translucent gate.
 15374 | Lair:1   | Found a runed translucent gate.
 15374 | Lair:1   | Found a runed translucent gate.
 15374 | Lair:1   | Found a runed translucent gate.
 15374 | Lair:1   | Noticed a boulder beetle
 15423 | Lair:1   | Noticed a boulder beetle
 15453 | Lair:1   | Killed a boulder beetle
 15459 | Lair:1   | Killed a boulder beetle
 15473 | Lair:1   | Identified the +1 robe of Min Zoit {rPois Str-2 Int+3 SInv}
                  | (Okawaru gifted it to you on level 1 of the Lair of Beasts)
 15473 | Lair:1   | Received a gift from Okawaru
 15699 | Lair:2   | Noticed Maggie
 15699 | Lair:2   | Noticed Urug
 15702 | Lair:2   | Reached skill level 10 in Armour
 15734 | Lair:2   | Killed Maggie
 15737 | Lair:2   | Paralysed by Urug for 2 turns
 15742 | Lair:2   | Paralysed by Urug for 4 turns
 15755 | Lair:2   | Killed Urug
 15756 | Lair:2   | Reached XP level 13. HP: 63/119 MP: 19/19
 15937 | Lair:2   | Identified the +5 sling of Youthful Indiscretion {vorpal,
                  | Will+}
 15966 | Lair:2   | Identified the +6 broad axe "Keseown" {spect, Int+2 Dex+4
                  | SInv}
 16007 | Lair:2   | Noticed Amaemon
 16015 | Lair:2   | Killed Amaemon
 16016 | Lair:2   | Reached skill level 13 in Fighting
 16436 | Lair:3   | Found a gate leading to a gauntlet.
 16453 | Gauntlet | Entered a Gauntlet
 16453 | Gauntlet | Found a transporter.
 16468 | Gauntlet | Found a transporter.
 16470 | Gauntlet | Found a transporter.
 16472 | Gauntlet | Found a transporter.
 16472 | Gauntlet | Found a large runed translucent door.
 16472 | Gauntlet | Found a large runed translucent door.
 16473 | Gauntlet | Found a large runed translucent door.
 16473 | Gauntlet | Found a large runed translucent door.
 16505 | Gauntlet | Found a transporter.
 16520 | Gauntlet | Found a transporter.
 16555 | Gauntlet | Found a transporter.
 16570 | Gauntlet | Found a transporter.
 16580 | Gauntlet | Noticed a quicksilver ooze
 16630 | Gauntlet | Found a transporter.
 16632 | Gauntlet | Found a transporter.
 16649 | Gauntlet | Found a large runed translucent door.
 16649 | Gauntlet | Found a large runed translucent door.
 16649 | Gauntlet | Found a runed translucent door.
 16649 | Gauntlet | Found a runed translucent door.
 16649 | Gauntlet | Found a large runed translucent door.
 16672 | Gauntlet | Noticed a green very ugly thing
 16672 | Gauntlet | Noticed an ironbound thunderhulk
 16677 | Gauntlet | Noticed a balrug
 16711 | Gauntlet | Noticed a dire elephant
 16763 | Gauntlet | Found a transporter.
 16965 | Gauntlet | Found a transporter.
 16967 | Gauntlet | Found a large runed translucent door.
 16981 | Gauntlet | Found a large runed translucent door.
 16983 | Gauntlet | Killed a dire elephant
 17001 | Gauntlet | Found a transporter.
 17087 | Gauntlet | Identified the +5 arbalest "Ysirulot" {flame, Drain rElec
                  | rPois Dex+4}
 17087 | Gauntlet | Noticed a minotaur
 17097 | Gauntlet | Killed a minotaur
 17401 | Lair:3   | Found a staircase to the Shoals.
 17518 | D:11     | Bought a manual of Invocations for 960 gold pieces
 17711 | Lair:3   | Received a gift from Okawaru
 18087 | Lair:3   | Found a staircase to the Snake Pit.
 19048 | Lair:3   | Reached skill level 14 in Fighting
 19596 | Lair:4   | Found a staircase to the Slime Pits.
 19597 | Lair:4   | Found a viscous altar of Jiyva.
 19633 | Lair:4   | Noticed Rupert
 19788 | Lair:4   | Killed Rupert
 20044 | Lair:4   | Noticed Josephine
 20053 | Lair:4   | Killed Josephine
 20555 | Lair:5   | Entered Level 5 of the Lair of Beasts
 20581 | Lair:5   | Found a transporter.
 20584 | Lair:5   | Reached XP level 14. HP: 131/132 MP: 19/21
 20599 | Lair:4   | Reached ****** piety under Okawaru
 20798 | Lair:4   | Received a gift from Okawaru
 21137 | Lair:5   | Identified the +6 ring mail of Defence {Dex+2} (Okawaru
                  | gifted it to you on level 5 of the Lair of Beasts)
 21137 | Lair:5   | Received a gift from Okawaru
 21144 | Lair:5   | Noticed SensoryNuts's ghost (journeyman DsFi)
 21145 | Lair:5   | Found a transporter.
 21317 | Lair:5   | Reached skill level 10 in Throwing
 21489 | Lair:5   | Reached skill level 10 in Dodging
 21978 | Lair:5   | Reached skill level 15 in Fighting
 22232 | Lair:5   | Identified the +5 ring mail of the Turtledove {-Cast Str+8}
 22826 | Lair:5   | Paralysed by a floating eye for 4 turns
 22891 | Lair:5   | Paralysed by a floating eye for 3 turns
 22902 | Lair:5   | Paralysed by a floating eye for 4 turns
 22909 | Lair:5   | Paralysed by a floating eye for 4 turns
 23370 | D:12     | Found Ecuploc's Armour Boutique.
 23370 | D:12     | Found a staircase to the Orcish Mines.
 23374 | D:12     | Found Qicuazus's Weapon Boutique.
 23868 | D:12     | Identified the +3 hat of the Eight Boll Weevils {rCorr}
                  | (Okawaru gifted it to you on level 12 of the Dungeon)
 23868 | D:12     | Received a gift from Okawaru
 23916 | D:12     | You fall into a shaft and drop 3 floors!
 23916 | D:15     | Entered Level 15 of the Dungeon
 23963 | D:15     | Found Rallepof's Assorted Antiques.
 24003 | D:15     | Bought a scroll labelled ZAKYD IMNOCHAIRING for 36 gold
                  | pieces
 24230 | D:15     | Reached XP level 15. HP: 69/143 MP: 11/24
 24570 | D:15     | Found a staircase to the Depths.
 24590 | Depths:1 | Entered Level 1 of the Depths
 24590 | Depths:1 | Noticed a sphinx
 24852 | D:15     | Reached skill level 16 in Fighting
 24862 | D:15     | Reached skill level 10 in Shields
 25805 | D:14     | Reached skill level 15 in Invocations
 26259 | D:14     | Found Feoptoituu's Antique Armour Shoppe.
 26905 | D:13     | Received a gift from Okawaru
 26906 | D:13     | Found the +3 pair of seven-league boots {Rampage+∞}
 26960 | D:13     | Reached skill level 17 in Fighting
 27181 | D:13     | Found a gate to the Vaults.
 27647 | D:12     | Noticed Azrael
 27656 | D:12     | Killed Azrael
 27947 | Orc:1    | Entered Level 1 of the Orcish Mines
 28096 | D:12     | Bought the +7 chain mail "Xaulloo" {rElec rPois rF+ Str+4}
                  | for 950 gold pieces
 28357 | Orc:2    | Entered Level 2 of the Orcish Mines
 28377 | Orc:2    | Noticed Palms's ghost (journeyman OgFE)
 28386 | Orc:2    | Found a runed translucent door.
 28402 | Orc:2    | Killed Palms's ghost
 28468 | Orc:2    | Found Riderghee's Jewellery Shop.
 28512 | Orc:2    | Identified the +6 flail of the Shrike {freeze, rN+}
                  | (Okawaru gifted it to you on level 2 of the Orcish Mines)
 28512 | Orc:2    | Received a gift from Okawaru
 28520 | Orc:2    | HP: 7/149 [ettin/+2 dire flail of protection (16)]
 28542 | Orc:2    | Paralysed by an ogre mage for 5 turns
 28946 | Orc:1    | Reached skill level 18 in Fighting
 29043 | Orc:2    | Reached XP level 16. HP: 157/157 MP: 27/27
 29121 | Orc:2    | Found Quasosh's Antique Weapon Boutique.
 29134 | Orc:2    | Found Qofish's Armour Emporium.
 29156 | Orc:2    | Found Afaosimiju's Antique Weapon Boutique.
 29159 | Orc:2    | Found Anynouf's Overcharged Wands.
 29164 | Orc:2    | Found a staircase to the Elven Halls.
 29752 | Lair:5   | Paralysed by a hornet for 3 turns
 29769 | Lair:5   | Killed SensoryNuts's ghost
 30027 | Snake:1  | Entered Level 1 of the Snake Pit
 30287 | Snake:1  | Received a gift from Okawaru
 30357 | Snake:1  | Reached XP level 17. HP: 129/166 MP: 28/28
 30713 | Snake:1  | Found Dofurr's General Store.
 30740 | Snake:1  | Reached skill level 1 in Evocations
 30801 | Snake:1  | Found a runed translucent door.
 30801 | Snake:1  | Found a shimmering altar of Xom.
 30801 | Snake:1  | Noticed SprigganGuy's ghost (adept DEAE)
 31387 | Snake:1  | Reached skill level 19 in Fighting
 31391 | Snake:1  | Killed SprigganGuy's ghost
 31391 | Snake:1  | Received a gift from Okawaru
 31396 | Snake:1  | Identified the +6 dagger "Beetleslayer" {drain, *Rage rElec
                  | Will- Stlth+}
 32636 | Snake:3  | Received a gift from Okawaru
 32712 | Snake:3  | Noticed Louise
 32722 | Snake:3  | Killed Louise
 32893 | Snake:3  | Identified the +2 hat "Sukumuru" {Contam Will+++ Regen+
                  | Dex-3} (Okawaru gifted it to you on level 3 of the Snake
                  | Pit)
 32893 | Snake:3  | Received a gift from Okawaru
 33280 | Snake:3  | Found Qul Sagh's Jewellery Shop.
 33280 | Snake:3  | Found Ehoovoa's Book Shoppe.
 33281 | Snake:3  | Found Afimp's Jewellery Shop.
 33300 | Snake:3  | Bought the ring of Wost {rN+ Str+2 Int+4 SInv} for 620 gold
                  | pieces
 33343 | Snake:4  | Entered Level 4 of the Snake Pit
 33380 | Snake:4  | Found a frozen archway.
 33390 | IceCv    | Entered an ice cave
 33576 | IceCv    | Identified the +0 pair of gloves of the Terrible God
                  | {Dex+3}
 33611 | IceCv    | Found an ancient bone altar of Kikubaaqudgha.
 33757 | IceCv    | Noticed a lich
 33766 | IceCv    | Killed a lich
 33791 | IceCv    | Reached XP level 18. HP: 112/176 MP: 17/30
 34766 | Snake:4  | Reached skill level 5 in Evocations
 34965 | Snake:4  | Reached skill level 15 in Armour
 35292 | Snake:4  | Reached skill level 20 in Fighting
 35360 | Snake:4  | Received a gift from Okawaru
 35440 | Snake:4  | Received a gift from Okawaru
 35465 | Snake:4  | Got a serpentine rune of Zot
 35780 | Shoals:1 | Entered Level 1 of the Shoals
 35789 | Shoals:1 | Reached skill level 21 in Fighting
 35792 | Shoals:1 | Noticed Nikola
 35817 | Shoals:1 | Killed Nikola
 35817 | Shoals:1 | Received a gift from Okawaru
 35817 | Shoals:1 | Found the +0 mask of the Dragon {Will+ Slay+3 SInv}
 36054 | Shoals:1 | Noticed Donald
 36063 | Shoals:1 | Killed Donald
 36096 | Shoals:1 | Noticed Jorgrun
 36127 | Shoals:1 | Killed Jorgrun
 36129 | Shoals:1 | Reached skill level 22 in Fighting
 37236 | Shoals:2 | Identified the +4 quick blade "Enexuor" {vamp, rElec rPois
                  | rN++ Dex-5} (Okawaru gifted it to you on level 2 of the
                  | Shoals)
 37236 | Shoals:2 | Received a gift from Okawaru
 37237 | Shoals:2 | Reached skill level 1 in Spellcasting
 37266 | Shoals:2 | Noticed Roxanne
 37278 | Shoals:2 | Killed Roxanne
 37572 | Shoals:2 | Noticed Kirke
 37576 | Shoals:2 | Killed Kirke
 37714 | Shoals:2 | Found Dogadul's Armour Emporium.
 37793 | Shoals:3 | Reached XP level 19. HP: 192/192 MP: 31/31
 37958 | Shoals:3 | Found a runed translucent door.
 37962 | Shoals:3 | Noticed Meoqees's ghost (adept MiFi)
 37976 | Shoals:3 | Killed Meoqees's ghost
 38742 | Shoals:4 | Entered Level 4 of the Shoals
 38745 | Shoals:4 | Noticed Polyphemus
 38769 | Shoals:4 | Killed Polyphemus
 38769 | Shoals:4 | Received a gift from Okawaru
 39962 | Shoals:4 | Found a runed translucent door.
 39964 | Shoals:4 | Noticed Strat's ghost (adept MeBe)
 40383 | Shoals:4 | Received a gift from Okawaru
 40600 | Shoals:4 | Got a barnacled rune of Zot
 40656 | Shoals:4 | Killed Strat's ghost
 41197 | Vaults:1 | Entered Level 1 of the Vaults
 41937 | Vaults:1 | Identified the -2 pair of boots "Carghuet" {rF- rN+ Str+3}
                  | (Okawaru gifted it to you on level 1 of the Vaults)
 41937 | Vaults:1 | Received a gift from Okawaru
 43409 | Vaults:2 | Reached XP level 20. HP: 201/202 MP: 32/32
 43457 | Vaults:2 | Found a crumbling gateway.
 43459 | Vaults:2 | Found a white marble altar of Elyvilon.
 43459 | Vaults:2 | Found a glowing silver altar of Zin.
 43459 | Vaults:2 | Found a glowing golden altar of the Shining One.
 43664 | Vaults:2 | Found a staircase to the Crypt.
 43666 | Vaults:2 | Reached skill level 23 in Fighting
 44031 | Vaults:2 | Received a gift from Okawaru
 44445 | Vaults:2 | Received a gift from Okawaru
 45017 | Vaults:3 | Noticed Bai Suzhen
 45023 | Vaults:3 | Killed Bai Suzhen
 45047 | Vaults:3 | You fall into a shaft and drop 1 floor!
 45047 | Vaults:4 | Noticed Aizul
 45060 | Vaults:4 | Killed Aizul
 45062 | Vaults:4 | Received a gift from Okawaru
 45159 | Vaults:4 | Received a gift from Okawaru
 45429 | Vaults:3 | Received a gift from Okawaru
 45741 | Vaults:3 | Received a gift from Okawaru
 46168 | Vaults:3 | Identified the +1 scale mail of Mamo {+Blink rPois Int-3}
                  | (Okawaru gifted it to you on level 3 of the Vaults)
 46168 | Vaults:3 | Received a gift from Okawaru
 46187 | Vaults:3 | Reached skill level 5 in Spellcasting
 46360 | Vaults:3 | Found Pouheen's Weapon Shop.
 46582 | Vaults:3 | Found a gateway to a bazaar.
 46592 | Bazaar   | Entered a bazaar
 46617 | Bazaar   | Found Dahafiug's Weapon Shoppe.
 46628 | Bazaar   | Found Siaweury's Weapon Shoppe.
 46639 | Bazaar   | Found Nonluank's Antique Weapon Emporium.
 46671 | Bazaar   | Found Ikung's Armour Emporium.
 46693 | Bazaar   | Found Woher's Antique Weapon Shoppe.
 46732 | Bazaar   | Bought a scarf of shadows for 132 gold pieces
 46978 | Vaults:3 | Reached XP level 21. HP: 212/212 MP: 33/33
 47367 | Vaults:3 | Found Buirouta's Antique Armour Emporium.
 48056 | Vaults:4 | Found a portal to a secret trove of treasure.
 48439 | Vaults:4 | Noticed Mennas
 48492 | Vaults:4 | Killed Mennas
 49071 | Vaults:4 | Received a gift from Okawaru
 50228 | Vaults:4 | You paid a toll of a +7 demon trident to enter a treasure
                  | trove
 50229 | Trove    | Entered a treasure trove
 50819 | Vaults:5 | Entered Level 5 of the Vaults
 50874 | Vaults:4 | Identified the +3 cloak "Ezapneni" {rPois} (Okawaru gifted
                  | it to you on level 4 of the Vaults)
 50874 | Vaults:4 | Received a gift from Okawaru
 51227 | Vaults:5 | Noticed Xtahua
 52007 | Vaults:5 | Killed Xtahua
 52408 | Vaults:5 | Identified the +6 short sword of Dullness {vorpal, *Noise
                  | rC+++ Str-4 Int+6}
 52467 | Vaults:5 | Identified the +0 pair of gloves of the Blessed Realm
                  | {Str+3 Dex+2} (Okawaru gifted it to you on level 5 of the
                  | Vaults)
 52467 | Vaults:5 | Received a gift from Okawaru
 52475 | Vaults:5 | Noticed a golden dragon
 52483 | Vaults:5 | Noticed an ancient lich
 52564 | Vaults:5 | Reached XP level 22. HP: 93/218 MP: 18/35
 52609 | Vaults:5 | Identified the +9 morningstar of the Valley {flame, rF+ rN+
                  | Dex+5}
 53061 | Vaults:5 | Killed an ancient lich
 53121 | Vaults:5 | Identified the +4 quarterstaff "Xom's Passing Interest"
                  | {vorpal, rC+ Str+6}
 53168 | Vaults:5 | Identified the +1 plate armour of the Ethereal Clam {Harm
                  | rCorr Str+5 Dex-5}
 53168 | Vaults:5 | Identified the ring of Finality {Will+ rCorr Str+3}
 53445 | Vaults:5 | Reached skill level 24 in Fighting
 53506 | Vaults:5 | Killed a golden dragon
 53706 | Vaults:5 | Noticed an ancient lich
 53726 | Vaults:5 | Killed an ancient lich
 54134 | Vaults:5 | Found Comij's Antique Armour Boutique.
 54142 | Vaults:5 | Bought a steaming kite shield for 266 gold pieces
 54142 | Vaults:5 | Identified the +0 kite shield of the Iron City of Dis
                  | {rPois Dex+2 SInv} (You bought it in a shop on level 5 of
                  | the Vaults)
 54142 | Vaults:5 | Bought a pitted chain mail for 266 gold pieces
 54142 | Vaults:5 | Identified the +1 chain mail of Gallantry {rCorr Dex+4
                  | Stlth+} (You bought it in a shop on level 5 of the Vaults)
 54665 | Vaults:5 | Got a silver rune of Zot
 54679 | Vaults:5 | Identified the ring of Zigeprubb {rC+ rN+ Will+}
 55103 | Vaults:5 | Identified the +2 trident "Beetlebane" {vorpal, Will-
                  | Int+6}
 55588 | D:15     | Received a gift from Okawaru
 55959 | Depths:1 | Found a one-way gate leading to the halls of Pandemonium.
 56023 | Depths:1 | Found an ancient bone altar of Kikubaaqudgha.
 56151 | Depths:1 | Found a gateway to Hell.
 56185 | Depths:1 | Found Jicral's Blood Bar.
 56992 | Depths:2 | Received a gift from Okawaru
 56995 | Depths:2 | Reached skill level 15 in Shields
 57131 | Depths:2 | Received a gift from Okawaru
 57154 | Depths:2 | Reached skill level 10 in Evocations
 57364 | Depths:2 | Found a corrupted altar of Lugonu.
 57364 | Depths:2 | Found a one-way gate to the infinite horrors of the Abyss.
 57598 | Depths:2 | Received a gift from Okawaru
 57599 | Depths:2 | Reached XP level 23. HP: 207/231 MP: 31/36
 57763 | Depths:2 | Identified the ring of Harmony {rElec rC+ Str+5 Dex+6}
 57818 | Depths:2 | Reached skill level 15 in Throwing
 57936 | Depths:3 | Noticed the Enchantress
 57964 | Depths:2 | Killed the Enchantress
 58051 | Depths:3 | Received a gift from Okawaru
 58399 | Depths:3 | Found Gumarr's Weapon Boutique.
 60026 | Depths:3 | Found a burning altar of Makhleb.
 60068 | Depths:3 | Identified the -1 cloak "Ythid" {Rampage rN+} (Okawaru
                  | gifted it to you on level 3 of the Depths)
 60068 | Depths:3 | Received a gift from Okawaru
 60381 | Depths:3 | Reached skill level 15 in Dodging
 60420 | Depths:3 | Identified the +7 rapier "Minotaur's Bane" {drain, rF+ rC-
                  | Str+2 Int+5}
 60882 | Depths:3 | Found a one-way gateway to a ziggurat.
 60978 | Depths:4 | Entered Level 4 of the Depths
 60992 | Depths:4 | Noticed Boris
 61000 | Depths:4 | Killed Boris
 62111 | Depths:4 | Found a gate to the Realm of Zot.
 62822 | Zot:1    | Entered Level 1 of the Realm of Zot
 63421 | Zot:1    | Received a gift from Okawaru
 63431 | Zot:1    | Reached XP level 24. HP: 202/240 MP: 32/36
 63881 | Zot:1    | Reached skill level 25 in Fighting
 66156 | Zot:2    | Identified the ring "Uqery" {Will+ MP+9 Stlth+}
 66159 | Zot:2    | Identified the +9 ice dragon scales "Ofixyuty" {rF- rC++
                  | Str+5}
 67273 | Zot:3    | Identified the +1 hat of Agoraphobia {rF++ Regen+ Str+3
                  | Dex+3} (Okawaru gifted it to you on level 3 of the Realm of
                  | Zot)
 67273 | Zot:3    | Received a gift from Okawaru
 67321 | Zot:3    | Identified the ring of Giasutt {Contam rF+ Will+ Dex+4
                  | Stlth+}
 69064 | Zot:4    | Noticed an orb of fire
 69064 | Zot:4    | Noticed an orb of fire
 69074 | Zot:4    | Gained mutation: Armour fits poorly on your strangely
                  | shaped body. [an orb of fire]
 69074 | Zot:4    | Gained mutation: You are frail. (-10% HP) [an orb of fire]
 69081 | Zot:4    | Lost mutation: You are frail. (-10% HP) [an orb of fire]
 69082 | Zot:4    | Killed an orb of fire
 69089 | Zot:4    | Killed an orb of fire
 69142 | Zot:4    | Lost mutation: Armour fits poorly on your strangely shaped
                  | body. [potion of mutation]
 69142 | Zot:4    | Gained mutation: You are partially covered in iridescent
                  | scales. (AC +2) [potion of mutation]
 69142 | Zot:4    | Gained mutation: Your flesh is heat resistant. (rF+)
                  | [potion of mutation]
 69142 | Zot:4    | Gained mutation: You are occasionally teleported next to
                  | monsters. [potion of mutation]
 69143 | Zot:4    | Lost mutation: You are occasionally teleported next to
                  | monsters. [potion of mutation]
 69143 | Zot:4    | Lost mutation: You are partially covered in iridescent
                  | scales. (AC +2) [potion of mutation]
 69143 | Zot:4    | Gained mutation: You expend magic power (3 MP) to
                  | strengthen your wands. [potion of mutation]
 69143 | Zot:4    | Gained mutation: You have hidden genetic defects. [potion
                  | of mutation]
 69143 | Zot:4    | Gained mutation: Your muscles are strong. (Str +4, Int/Dex
                  | -1) [potion of mutation]
 69144 | Zot:4    | Lost mutation: Your flesh is heat resistant. (rF+) [potion
                  | of mutation]
 69144 | Zot:4    | Lost mutation: Your muscles are strong. (Str +4, Int/Dex
                  | -1) [potion of mutation]
 69144 | Zot:4    | Gained mutation: You occasionally shout uncontrollably at
                  | your foes. [potion of mutation]
 69144 | Zot:4    | Lost mutation: You occasionally shout uncontrollably at
                  | your foes. [potion of mutation]
 69145 | Zot:4    | Lost mutation: You expend magic power (3 MP) to strengthen
                  | your wands. [potion of mutation]
 69145 | Zot:4    | Lost mutation: You have hidden genetic defects. [potion of
                  | mutation]
 69145 | Zot:4    | Gained mutation: You are frail. (-10% HP) [potion of
                  | mutation]
 69145 | Zot:4    | Gained mutation: You are partially covered in iridescent
                  | scales. (AC +2) [potion of mutation]
 69145 | Zot:4    | Gained mutation: Your flesh is heat resistant. (rF+)
                  | [potion of mutation]
 69330 | Zot:5    | Entered Level 5 of the Realm of Zot
 69413 | Zot:5    | Received a gift from Okawaru
 69425 | Zot:5    | Reached XP level 25. HP: 188/225 MP: 31/37
 69999 | Zot:5    | Noticed an orb of fire
 69999 | Zot:5    | Noticed an orb of fire
 69999 | Zot:5    | Noticed an ancient lich
 69999 | Zot:5    | Noticed a Killer Klown
 69999 | Zot:5    | Noticed an orb of fire
 69999 | Zot:5    | Noticed an ancient lich
 70000 | Zot:5    | Noticed a Killer Klown
 70002 | Zot:5    | Got the Orb of Zot
 70003 | Zot:5    | Noticed an orb of fire
 70003 | Zot:5    | Noticed an orb of fire
 70003 | Zot:5    | Noticed a Killer Klown
 70004 | Zot:5    | Noticed an orb of fire
 70004 | Zot:5    | Noticed an ancient lich
 70006 | Zot:5    | Noticed a dread lich
 70006 | Zot:5    | Noticed an ancient lich
 70028 | Zot:5    | Noticed Epenkuck the pandemonium lord
 70123 | Depths:4 | Noticed Iwifat the pandemonium lord
 70158 | Depths:3 | Noticed Muxevyer the pandemonium lord
 70520 | D:$      | Escaped with the Orb!

Illustrated notes

Levels and vault maps discovered:
D:1:      dpeg_arrival_long_road, layout_basic,
          nicolae_ecumenical_snake_handling
D:2:      layout_basic, chequers_serial_rivers_room_b, minmay_ruptured
D:3:      layout_loops_ring, nicolae_ru_great_annihilating_truth
D:4:      layout_basic, uniq_edmund
D:5:      layout_layer_cave
D:6:      cheibrodos_steamvent, layout_basic, minmay_temple_entry_tees,
          kennysheep_nub, hangedman_decor_push, uniq_sigmund, uniq_grinder
D:7:      layout_rooms, chequers_temple_overflow_minitemple,
          uniq_crazy_yiuf_cottage, uniq_joseph
D:8:      layout_loops_corners, nicolae_sif_muna_condensation,
          lemuel_doored_altar, nicolae_ossuary_entry_catacombs
D:9:      layout_loops_ring, enter_bailey_5, serial_undead, serial_undead_b,
          serial_undead_d, serial_undead_f, serial_undead_b,
          hangedman_corner_corridor
D:10:     layout_rooms, nicolae_gozag_cash_rules_everything_around_me,
          uniq_nergalle
D:11:     layout_grid_maze, lair_entry_dummy, serial_bayou, serial_bayou_pond_c,
          serial_bayou_pond_e, serial_bayou_lake_a, serial_bayou_shore_a,
          nicolae_shop_vocational, uniq_erolcha, uniq_grum
D:12:     layout_irregular_city, orc_david_3, uniq_azrael
D:13:     layout_irregular_city, erik_vaults_2, kennysheep_island_fort
D:14:     layout_loops_cross, serial_shops, nicolae_shop_overgrown_old_shop
D:15:     grunt_enter_depths_magical_seal, layout_loops_corners, abandoned_shop,
          serial_shops, shop_fountains
Temple:   hellmonk_temple_two_chambers
Lair:1:   gammafunk_indiana_jones, layout_big_grid
Lair:2:   layout_cave_shapes, gammafunk_lair_bear_cave, uniq_amaemon,
          uniq_maggie, uniq_urug
Lair:3:   layout_gridlike, shoals_dummy_entry,
          minmay_snake_entry_guardpost_small, gauntlet_entry_generic,
          grunt_forest_large_clearings
Lair:4:   layout_regular_city, nicolae_slime_entry_slimehenge,
          chequers_serial_rivers_large_a, uniq_rupert, uniq_josephine
Lair:5:   wormcave, layout_big_grid, hangedman_lair_caniforms_friends,
          gammafunk_ghost_hive, disabler_island, serial_bayou_shore_b,
          infiniplex_staircase_pool_2
Shoals:1: layout_shoals, uniq_jorgrun, uniq_nikola, uniq_donald
Shoals:2: layout_shoals, serial_shops, nicolae_shop_statue_plus, uniq_kirke,
          uniq_roxanne
Shoals:3: layout_shoals, gammafunk_ghost_grave
Shoals:4: shoals_end_grunt_ice, layout_shoals, ebering_ghost_inner_flame,
          uniq_polyphemus
Snake:1:  layout_cave_shapes, serial_shops, nicolae_square_shop,
          ebering_ghost_xom, serial_bayou, serial_bayou_pond_b,
          serial_bayou_pond_d, serial_bayou_pond_c, serial_bayou_ford_a,
          serial_bayou_pond_c, serial_bayou_lagoon_b, nicolae_snake_boneroom
Snake:2:  layout_basic, serial_bayou_pond_c
Snake:3:  layout_gridlike, minmay_shop_grove, uniq_louise
Snake:4:  snake_pit_salamanders_mu, layout_chambers,
          portal_ice_cave_entry_pillars_2, serial_bayou_pond_e
Orc:1:    layout_caves, basic_altar
Orc:2:    st_orc_open, layout_caves, hellmonk_ghost_happy_afterlife,
          nicolae_shop_overcharged_wands
Vaults:1: v_misc_5, hangedman_vaults_slice, hangedman_vaults_slice, v_misc_13,
          v_rooms_2, layout_vaults_omnigrid
Vaults:2: portal_desolation_entry_holy_temple, vaults_room_pools, v_pattern_3,
          minmay_crypt_entry_vampire_xt, nicolae_vaults_network_square,
          nicolae_vaults_circle_grid_a, nicolae_vaults_theta,
          nicolae_vaults_little_squares_6, ontoclasm_vaults_fault, st_cross,
          ontoclasm_vaults_ring_large, hangedman_vaults_unwind, v_misc_23,
          ontoclasm_vaults_eye, nicolae_vaults_what_the_h, layout_vaults_maze
Vaults:3: hangedman_vaults_stretched_pinwheel, v_alt_pattern_3,
          vaults_room_stairs_pillars, nicolae_vaults_big_ls,
          hangedman_vaults_restitches, nicolae_vaults_puzzle_piece,
          hangedman_vaults_hat, v_rooms_1, v_alt_pattern_6,
          nicolae_vaults_little_squares_1, grunt_vaults_hallway_long,
          vaults_room_pool, ontoclasm_vaults_decontamination, vaults_dpeg_cross,
          hangedman_vaults_stretched_pinwheel, v_misc_22, layout_vaults_omnibox,
          serial_shops, bzr_entry_road, shop, shop, uniq_bai_suzhen
Vaults:4: grunt_vaults_trifunnel, hangedman_vaults_capsules, vaults_room_fours,
          ontoclasm_vaults_ring_large, vaults_room_pool,
          nicolae_vaults_windows_and_doors_thing, nicolae_vaults_sealed_display,
          hangedman_vaults_nails, nicolae_vaults_gold_heap,
          layout_vaults_chaotic_city, nicolae_trove_entry_crossroad, uniq_aizul,
          uniq_mennas
Vaults:5: serial_shops, uniq_xtahua
Depths:1: layout_cave_pools, hell_entry, kiku_gazebo_garden_becter, pan_entry,
          guppyfry_shop_blood
Depths:2: kennysheep_scales, layout_cave_pools, pf_hell_entry_tar_river,
          abyss_entry_flame_altar, grunt_pan_entry_spiral,
          kennysheep_another_room, minmay_staircase_statues_hall_small
Depths:3: minmay_the_grid_triangle_9x9_recursive_3
          [minmay_the_grid_triangle_9x9_sprig,
          minmay_the_grid_triangle_9x9_minimal,
          minmay_the_grid_triangle_9x9_stretched_checkered,
          minmay_the_grid_triangle_9x9_prize_center,
          minmay_the_grid_triangle_9x9_pentomino_pain,
          minmay_the_grid_triangle_9x9_shrine,
          minmay_the_grid_triangle_9x9_semitri,
          minmay_the_grid_triangle_9x9_alien,
          minmay_the_grid_triangle_9x9_dagger], layout_basic, enter_ziggurat_a,
          minmay_misc_feat_rugged, hell_entry, abyss_entry_crystal,
          serial_shops, nicolae_shop_behind_doors, minivault_16,
          uniq_enchantress, uniq_grunn
Depths:4: grunt_x_marks_the_spot, layout_small_grid, kennysheep_flooded_box,
          pf_vacation_house_of_asmodeus, uniq_boris
Zot:1:    kennysheep_bubbly, layout_cathedral_of_symmetry
Zot:2:    layout_basic, st_large_dragon_hoard_4
Zot:3:    kennysheep_spiral_hall, layout_basic
Zot:4:    lemuel_firehouse, layout_onion, st_stairs_13, uniq_parghit
Zot:5:    layout_cathedral_of_symmetry, hangedman_zot_decor_slant, st_stairs_13

Skill      XL: |  1  2  3  4  5  6  7  8  9 10 11 12 13 14 15 16 17 18 19 20 21 22 23 24 |
---------------+-------------------------------------------------------------------------+-----
Maces & Flails | 3 4 5 6 7 9 11 12 13 14 | 14.0
Fighting       | 4 5 6 7 8 9 10 11 12 14 15 18 19 22 23 24 25 | 25.7
Throwing       | 3 4 5 6 7 9 11 12 13 14 16 | 16.0
Invocations    | 3 6 8 10 11 13 17 18 19 20 21 23 | 23.1
Armour         | 5 6 8 10 11 13 15 16 17 18 19 20 | 20.8
Dodging        | 2 4 5 7 9 10 11 12 13 14 15 16 | 16.7
Shields        | 5 6 9 10 12 13 14 15 16 17 | 17.6
Evocations     | 4 5 6 8 10 | 10.0
Spellcasting   | 1 3 5 6 7 9 |  9.0

Action                   |  1- 3 |  4- 6 |  7- 9 | 10-12 | 13-15 | 16-18 | 19-21 | 22-24 | 25-27 || total
-------------------------+-------+-------+-------+-------+-------+-------+-------+-------+-------++-------
Melee: Flail             |    96 |    89 |    94 |   206 |       |       |       |       |       ||   485
       Headbutt          |    12 |    19 |    28 |   111 |   251 |   211 |   468 |   579 |    24 ||  1703
       Mace              |       |    58 |    92 |       |       |       |       |       |       ||   150
       Morningstar       |       |       |       |   170 |       |       |       |       |       ||   170
       Demon whip        |       |       |       |   210 |   966 |   832 |  1430 |  1700 |    72 ||  5210
Throw: Dart              |       |     2 |    14 |    13 |    91 |     1 |       |       |       ||   121
       Javelin           |       |       |     1 |     2 |    13 |    19 |    24 |    18 |     1 ||    78
       Boomerang         |       |       |       |    63 |    40 |    75 |    33 |    40 |       ||   251
Invok: Heroism           |       |       |     4 |    20 |    19 |    12 |    25 |    23 |     1 ||   104
       Finesse           |       |       |       |     2 |     3 |     2 |     7 |     4 |       ||    18
Evoke: Wand              |       |       |     4 |     3 |       |       |       |       |       ||     7
  Use: Potion            |       |     2 |       |     1 |     1 |     6 |     5 |     5 |     9 ||    29
       Scroll            |       |       |     8 |    17 |    18 |     5 |    14 |    15 |    13 ||    90
 Stab: Paralysed         |       |     1 |       |       |       |       |       |       |       ||     1
Armor: Scale mail        |    52 |    68 |       |       |       |       |       |       |       ||   120
       Chain mail        |       |       |    68 |   173 |   322 |   280 |   443 |   316 |       ||  1602
       Gold dragon scale |       |       |       |       |       |       |       |   196 |    24 ||   220
Dodge: Dodged            |    45 |    46 |    64 |   221 |   379 |   209 |   422 |   538 |    36 ||  1960
Block: Buckler           |    19 |    15 |    32 |   108 |    63 |       |       |       |       ||   237
       Kite shield       |       |       |       |       |   443 |   497 |   923 |  1094 |    60 ||  3017
